 Dungeon Crawl Stone Soup version 0.31-a0-640-g39d97e502b (webtiles) character file.

Game seed: 8658013130394255649

30 Fodor the Trooper (level 3, 0/33 HPs)
             Began as a Minotaur Fighter on Aug 28, 2023.
             Killed from afar by Natasha (5 damage)
             ... with a magic dart
             ... on level 2 of the Dungeon.
             The game lasted 00:05:42 (969 turns).

Fodor the Trooper (Minotaur Fighter)                 Turns: 969, Time: 00:05:43

Health: 0/33       AC:  7    Str: 22    XL:     3   Next: 5%
Magic:  2/2        EV:  9    Int:  5    God:
Gold:   46         SH:  4    Dex:  9    Spells: 2/2 levels left

rFire   . . .        a - +0 long sword
rCold   . . .        c - +0 buckler
rNeg    . . .        b - +0 scale mail
rPois   .            (helmet restricted)
rElec   .            (no cloak)
rCorr   .            (no gloves)
SInv    .            (no boots)
Will    .....        (no amulet) Stlth
                     (no ring)
HPRegen 0.25/turn    (no ring)
MPRegen 0.08/turn

%: no passive effects
@: no status effects
A: horns 2, retaliatory headbutt
a: no special abilities


You were on level 2 of the Dungeon.
You visited 1 branch of the dungeon, and saw 2 of its levels.

You collected 46 gold pieces.

Inventory:

Hand Weapons
 a - a +0 long sword (weapon)
Armour
 b - a +0 scale mail (worn)
 c - a +0 buckler (worn)
Scrolls
 e - a scroll of revelation {unknown}
 f - a scroll of brand weapon {unknown}
 g - a scroll of blinking {unknown}
 h - 2 scrolls of identify {unknown}
 j - a scroll of silence {unknown}
Potions
 d - a potion of might
 i - a potion of berserk rage {unknown}
 k - a potion of heal wounds {unknown}


   Skills:
 + Level 4.1 Fighting
 + Level 2.8 Long Blades
 + Level 4.0 Armour
 + Level 0.4 Dodging
 + Level 4.0 Shields


You had 2 spell levels left.
You didn't know any spells.
Your spell library was empty.

Dungeon Overview and Level Annotations

Branches:
Dungeon (2/15)

Altars:

Annotations:
D:2 Natasha


Innate Abilities, Weirdness & Mutations

You have a pair of horns on your head.
You reflexively headbutt those who attack you in melee.


Message History

There is a stone staircase leading down here.
h - 2 scrolls labelled DAKEMI YKHI (gained 1)
Found a scroll labelled TETZUQ SEFFESH.
j - a scroll labelled TETZUQ SEFFESH
Found a lumpy purple potion.
k - a lumpy purple potion Natasha, Servant of Life and Death comes into view.
Natasha hisses angrily.
Natasha stares at you and mumbles some strange words.
You resist with significant effort. Natasha casts a spell at you.
The magic dart hits you.
Natasha mumbles some strange words.
Natasha claws you.
You hit Natasha. Your headbutt misses Natasha.
Natasha is lightly wounded.
The cerulean imp hits you but does no damage.
Natasha claws you.
You barely miss Natasha. Your headbutt misses Natasha.
Natasha is lightly wounded.
You block the cerulean imp's attack. Natasha claws you but does no damage.
The cerulean imp hits you from afar with a +2 spear.
You hit Natasha.
Natasha is moderately wounded.
Natasha claws you!
The cerulean imp hits you from afar with a +2 spear.
* * * LOW HITPOINT WARNING * * *
Natasha claws you.
* * * LOW HITPOINT WARNING * * *
You hit Natasha. Your headbutt misses Natasha.
Natasha is heavily wounded.
The cerulean imp barely misses you. Natasha claws you.
* * * LOW HITPOINT WARNING * * *
You hit Natasha.
Natasha is severely wounded.
The cerulean imp hits you but does no damage.
Natasha stares at you and mumbles some strange words.
The magic dart hits you.
You die...
Natasha curls up and begins to purr.

##.### #....
#.... ... ...
#5# #h# #@# #.#
#.# #.#######
#.......#
#######.#
##############.#
#..............#
##.#############


You could see Natasha and a cerulean imp (summoned).

Vanquished Creatures
  2 ball pythons (D:1)
  2 bats (D:1)
  4 endoplasms (D:1)
  3 giant cockroaches (D:1)
  2 hobgoblins (D:1)
  2 quokkas (D:1)
  2 frilled lizards (D:1)
  3 goblins (D:1)
  4 kobolds (D:1)
  3 rats (D:1)
27 creatures vanquished.

Notes
Turn   | Place    | Note
-------+----------+-------------------------------------------
     0 | D:1      | Fodor the Minotaur Fighter began the quest for the Orb.
     0 | D:1      | Reached XP level 1. HP: 19/19 MP: 0/0
   299 | D:1      | Reached XP level 2. HP: 24/27 MP: 1/1
   578 | D:1      | Reached XP level 3. HP: 33/33 MP: 2/2
   960 | D:2      | Noticed Natasha
   969 | D:2      | Killed from afar by Natasha

Illustrated notes

Levels and vault maps discovered:
D:1:      sevenhm_arrival_forest_fort_small_4, layout_loops_cross,
          chequers_serial_rivers_micro_a, chequers_serial_rivers_micro_c,
          hex_medium
D:2:      wad_lake_hut, layout_basic, uniq_natasha

Skill      XL: |  1  2 |
---------------+-------+-----
Fighting       | 4 |  4.1
Armour         | 4 |  4.0
Shields        | 4 |  4.0
Long Blades    | |  2.8
Dodging        | |  0.4

Action                     || total
---------------------------++-------
  Melee: Long sword        ||    65
         Headbutt          ||     8
 Armour: Scale mail        ||    28
  Dodge: Dodged            ||    36
  Block: Buckler           ||    10

Table legend: (Time is in decaauts)
 A = Elapsed time spent in this place.
 B = Non-inter-level travel time spent in this place.
 C = Inter-level travel time spent in this place.
 D = Time resting spent in this place.
 E = Time spent auto-exploring this place.
 F = Levels seen in this place.
 G = Mean time per level.
                   A        B        C        D        E       F      G
               +--------+--------+--------+--------+--------+-----+--------+
         Total |    996 |    938 |     58 |     56 |      0 |   2 |  498.0 |
       Dungeon |    996 |    938 |     58 |     56 |      0 |   2 |  498.0 |
               +--------+--------+--------+--------+--------+-----+--------+

Top non-repeatable levels by time:
     D:1: 781 daAuts
     D:2: 215 daAuts
